AoeStats
← felip3.diaz

Yucatan

510437102Analyzed
2v2 RM · 22h ago on Oct 1, 2026· 25m 58s· 4 players
Game mode
Random Map
Map size
Medium (4 player)
Population
200
Speed
Normal
Resources
Standard
Victory
Conquest
Starting age
Dark Age
Ending age
Imperial Age
RankedLock teamsTeams togetherTeam positionsShared explorationLock speedFull tech treeHidden civsTurbo modeCheats
Victory
Defeat
🇲🇽 Huns · Mexico
1030
+14
🇲🇽 Byzantines · Mexico
1014
+15
🇨🇴 Magyars · Colombia
993
-15
🇨🇴 Maya · Colombia
985
-14
juandaosp12
9:56 Feudal Age
8:50 Loom
11:54 Horse Collar
12:01 Double-Bit Axe
18:14 Wheelbarrow
20:53 Castle Age
19:06 Scale Barding Armor
21:24 Bloodlines
21:59 Gold Mining
21:59 Stone Mining
22:15 Heavy Plow
felip3.diaz
12:48 Feudal Age
17:56 Castle Age
16:20 Padded Archer Armor
19:52 Pikeman
22:18 Crossbowman
23:41 Squires
Gerardomoar89
3:23 Loom
11:16 Feudal Age
18:45 Castle Age
19:51 Husbandry
20:02 Bloodlines
19:16 Light Cavalry
luis22cdt
5:57 Loom
13:37 Feudal Age
19:10 Castle Age
18:28 Wheelbarrow
17:37 Horse Collar
19:34 Double-Bit Axe
Connection lost

Rejoining the realm…

Still unreachable

The connection could not be restored.

Session expired

The server has moved on; the page needs a fresh start.